AoeStats
← areozi

Arabia

510767491Analyzed
2v2 RM · 18h ago on Oct 2, 2026· 72m 51s· 4 players
Game mode
Random Map
Map size
Medium (4 player)
Population
200
Speed
Normal
Resources
Standard
Victory
Conquest
Starting age
Dark Age
Ending age
Imperial Age
RankedLock teamsTeams togetherTeam positionsShared explorationLock speedFull tech treeHidden civsTurbo modeCheats
Victory
Defeat
🇳🇱 Goths · Netherlands
808
+18
🇸🇪 Mongols · Sweden
808
+18
🇫🇷 Khmer · France
914
-21
🇫🇷 Maya · France
770
-15
Akreed
8:59 Feudal Age
9:37 Double-Bit Axe
13:50 Loom
17:59 Castle Age
19:02 Wheelbarrow
20:47 Fletching
20:58 Padded Archer Armor
22:25 Thumb Ring
22:48 Bodkin Arrow
27:41 Horse Collar
38:46 Imperial Age
43:40 Heavy Cavalry Archer
44:46 Parthian Tactics
50:58 Caravan
55:02 Bow Saw
54:57 Heavy Plow
56:25 Leather Archer Armor
57:07 Bracer
58:14 Ballistics
62:42 Chemistry
61:47 Siege Engineers
64:10 Elite Mangudai
66:41 Masonry
66:43 Fortified Wall
66:31 Murder Holes
66:46 Fortified Wall
70:20 Hand Cart
70:37 Town Watch
Hrothgar
10:11 Feudal Age
11:19 Double-Bit Axe
11:19 Horse Collar
18:52 Man-at-Arms
23:45 Castle Age
24:46 Pikeman
28:05 Squires
28:10 Scale Mail Armor
28:21 Forging
33:59 Bow Saw
34:22 Chain Mail Armor
35:02 Heavy Plow
35:57 Wheelbarrow
40:20 Imperial Age
40:33 Hand Cart
40:06 Town Watch
40:29 Elite Skirmisher
41:13 Perfusion
41:13 Anarchy
40:34 Elite Huskarl
42:58 Conscription
45:36 Gold Mining
48:00 Iron Casting
49:43 Halberdier
54:51 Crop Rotation
54:20 Murder Holes
56:11 Capped Ram
67:18 Long Swordsman
69:04 Blast Furnace
68:20 Two-Handed Swordsman
68:39 Two-Handed Swordsman
71:23 Champion
D-Xbeck
6:09 Loom
10:01 Feudal Age
10:33 Double-Bit Axe
15:16 Gold Mining
15:30 Horse Collar
22:07 Castle Age
22:42 Wheelbarrow
23:09 Crossbowman
23:56 Thumb Ring
24:12 Town Watch
25:45 Fortified Wall
25:58 Bow Saw
27:32 Ballistics
28:35 Fletching
28:47 Padded Archer Armor
29:06 Forging
28:56 Scale Mail Armor
28:25 Pikeman
29:06 Squires
31:57 Leather Archer Armor
33:54 Arson
34:51 Iron Casting
34:14 Bodkin Arrow
35:58 Treadmill Crane
46:01 Iron Casting
45:41 Chain Mail Armor
48:13 Imperial Age
50:38 Murder Holes
51:45 Chemistry
51:21 Ring Archer Armor
52:01 Arbalester
55:16 Conscription
55:55 Bracer
58:17 Heavy Plow
59:08 Man-at-Arms
61:17 Long Swordsman
64:54 Two-Handed Swordsman
areozi
5:10 Loom
13:02 Feudal Age
17:43 Castle Age
18:31 Bloodlines
21:12 Scale Barding Armor
21:34 Double-Bit Axe
23:25 Forging
23:23 Town Watch
24:43 Husbandry
28:20 Elite Skirmisher
29:05 Fletching
36:43 Imperial Age
43:40 Conscription
45:47 Gold Mining
48:44 Tusk Swords
50:22 Iron Casting
53:27 Bow Saw
58:26 Man-at-Arms
59:20 Arson
59:51 Long Swordsman
60:45 Two-Handed Swordsman
62:28 Blast Furnace
61:29 Scale Mail Armor
69:35 Padded Archer Armor
71:42 Ballistics
73:16 Bodkin Arrow
73:38 Leather Archer Armor
Connection lost

Rejoining the realm…

Still unreachable

The connection could not be restored.

Session expired

The server has moved on; the page needs a fresh start.